 Dungeon Crawl Stone Soup version 0.20-a0-673-g53087c7 (webtiles) character file.

159 M4edhros the Sneak (level 5, -2/33 HPs)
             Began as an Octopode Artificer on Feb 18, 2017.
             Slain by an iguana (12 damage)
             ... on level 4 of the Dungeon.
             The game lasted 00:01:41 (1082 turns).

M4edhros the Sneak (Octopode Artificer)             Turns: 1082, Time: 00:01:41

Health: -2/33      AC:  1    Str: 12    XL:     5   Next: 40%
Magic:  7/7        EV: 13    Int: 13    God:    Xom [..*...]
Gold:   85         SH:  0    Dex: 13    Spells: 4/4 levels left

rFire    . . .     SeeInvis .   a - +0 short sword
rCold    . . .     Gourm    .   (no shield)
rNeg     + . .     Faith    .   (helmet restricted)
rPois    .         Spirit   .   (no amulet)
rElec    .         Reflect  .   e - ring of positive energy
rCorr    .         Harm     .   (no ring)
MR       .....                  (no ring)
Stlth    +++++.....             (no ring)
Regen    0.2/turn               (no ring)
MPRegen  0.1/turn               (no ring)
                                (no ring)
                                (no ring)

@: no status effects
A: almost no armour, stealthy swim, amphibious, 8 rings, constrict 8, camouflage
1, gelatinous body 1
a: Renounce Religion


You were on level 4 of the Dungeon.
You worshipped Xom.
You were a toy of Xom.
You were not hungry.

You visited 1 branch of the dungeon, and saw 4 of its levels.

You collected 85 gold pieces.

Inventory:

Hand Weapons
 a - a +0 short sword (weapon)
Jewellery
 e - a ring of positive energy (left tentacle)
Wands
 b - a wand of flame (15/48)
 c - a wand of enslavement (15/24)
 d - a wand of random effects (15/48)
 j - a wand of confusion (22/48)
Scrolls
 m - a scroll of recharging {unknown}
Potions
 h - a potion of brilliance {unknown}
 n - 2 potions of mutation {unknown}
 o - a potion of heal wounds {unknown}
Comestibles
 f - a bread ration
 g - a royal jelly
 i - a fruit
 k - a chunk of flesh
 l - a meat ration


   Skills:
 - Level 1.0 Fighting
 - Level 1.0 Short Blades
 - Level 2.0 Dodging
 + Level 7.4 Stealth
 - Level 3.2 Evocations


You had 4 spell levels left.
You didn't know any spells.

Dungeon Overview and Level Annotations

Branches:
Dungeon (4/15)
 Temple: D:4-7

Altars:
Xom

Annotations:
D:2 Robin


Innate Abilities, Weirdness & Mutations

You cannot wear most types of armour.
You are very stealthy in the water. (Stealth+)
You are amphibious.
You can wear up to eight rings at the same time.
You can use your tentacles to constrict eight enemies at once.
Your skin changes colour to match your surroundings (Stealth+).
Your rubbery body absorbs attacks. (AC +1, EV +1)


Message History

Eating one of 2 chunks of flesh.
You eat one of the 2 chunks of flesh.
This raw flesh tastes terrible. 2 iguanas come into view.
The iguana hisses angrily.
Found 17 sling bullets.
Found a stone staircase leading up.
The iguana closely misses you.
You barely miss the iguana. Your grab misses the iguana.
The iguana closely misses you.
You closely miss the iguana. Your grab misses the iguana. The iguana bites you!
You closely miss the iguana. Your grab misses the iguana.
The iguana closely misses you.
You hit the iguana but do no damage. You grab the iguana.
You constrict the iguana. The iguana barely misses you.
You hit the iguana but do no damage.
The iguana is lightly wounded.
You constrict the iguana. The iguana bites you!
You hit the iguana but do no damage.
The iguana is moderately wounded.
You constrict the iguana. The iguana bites you!
You die...

### #.## .#
#†.# .#
##.##.#####
#.#.......
#.........
##......%.
####.......l
#<.....#####
#..@#..#
#.l.#..#
......#..#
........#..#
........#..#
........#(.#
........#
........#


You could see an iguana.

Vanquished Creatures
  2 hounds (D:4)
  An iguana (D:4)
  4 adders
  A worm (D:3)
  2 dart slugs (D:3)
  2 orcs
  2 giant cockroaches
  2 goblins
  2 hobgoblins
  4 jackals (D:3)
  4 kobolds
  A quokka (D:4)
  A bat (D:1)
  2 frilled lizards
  4 rats
34 creatures vanquished.

Notes
Turn   | Place    | Note
-------+----------+-------------------------------------------
     0 | D:1      | M4edhros the Octopode Artificer began the quest for the Orb.
     0 | D:1      | Reached XP level 1. HP: 13/13 MP: 3/3
    48 | D:1      | Reached skill level 2 in Stealth
   137 | D:2      | Noticed Robin
   139 | D:2      | Reached XP level 2. HP: 18/18 MP: 4/4
   216 | D:2      | Reached skill level 3 in Stealth
   347 | D:3      | Reached skill level 4 in Stealth
   352 | D:3      | Reached XP level 3. HP: 14/23 MP: 5/5
   769 | D:3      | Reached skill level 5 in Stealth
   812 | D:4      | Reached XP level 4. HP: 28/28 MP: 6/6
   819 | D:4      | Reached skill level 6 in Stealth
   877 | D:4      | Found a shimmering altar of Xom.
   881 | D:4      | Became a worshipper of Xom of Chaos
   924 | D:4      | Reached XP level 5. HP: 33/33 MP: 7/7
   938 | D:4      | Reached skill level 7 in Stealth
  1028 | D:4      | XOM: harmless Necr miscast
  1082 | D:4      | Slain by an iguana

Vault maps used:
D:1:      saegor_arrival_simple_f
D:2:      nicolae_overflow_hidden_temple, tgw_kikubaaqudgha, uniq_robin
D:3:      grunt_qazlal_clouds
D:4:      marbit_many_paths, first_bread, serial_shops, shop

Skill      XL: |  1  2  3  4  5 |
---------------+----------------+-----
Stealth        | 2 4 5 6 7 |  7.4
Fighting       | |  1.0
Short Blades   | |  1.0
Dodging        | |  2.0
Evocations     | |  3.2

Action                   |  1- 3 |  4- 6 || total
-------------------------+-------+-------++-------
Melee: Short sword       |    45 |    27 ||    72
       Tentacles         |    13 |     1 ||    14
       Constrict         |    10 |     6 ||    16
  Use: Scroll            |       |     1 ||     1
 Stab: Sleeping          |     8 |     3 ||    11
  Eat: Chunk             |       |     1 ||     1
Armor: Skin              |     7 |     3 ||    10
Dodge: Dodged            |    40 |    12 ||    52
